 Dungeon Crawl Stone Soup version 0.31-a0-986-g5e6e4ef867 (webtiles) character file.

Game seed: 4045305543886445851

205 croobank the Sneak (level 5, -4/37 HPs)
             Began as an Octopode Delver on Nov 14, 2023.
             Slain by a sleepcap (21 damage)
             ... on level 5 of the Dungeon.
             The game lasted 00:08:26 (3338 turns).

croobank the Sneak (Octopode Delver)                Turns: 3338, Time: 00:08:26

Health: -4/37      AC:  1    Str: 11    XL:     5   Next: 83%
Magic:  5/5        EV:  2    Int: 14    God:
Gold:   287        SH:  0    Dex: 14    Spells: 4/4 levels left

rFire   . . .        k - +1 dagger (venom)
rCold   . . .        (no shield)
rNeg    + . .        (helmet currently unavailable)
rPois   +            (no amulet)
rElec   .            h - ring of positive energy
rCorr   .            w - ring of poison resistance
SInv    .            (no ring)
Will    .....        (no ring)
Stlth   +++++        (no ring)
HPRegen 0.26/turn    (no ring)
MPRegen 0.09/turn    (no ring)
                     (no ring)

%: no passive effects
@: beast-form, sleeping
A: beast (slay +0), almost no armour, amphibious, 8 rings, camouflage 1,
gelatinous body 1, (nimble swimmer 1), tentacles
a: Begin Untransformation


You were on level 5 of the Dungeon.
You were a hulking beast.
You visited 1 branch of the dungeon, and saw 6 of its levels.

You collected 287 gold pieces.

Inventory:

Hand Weapons
 a - a +0 short sword
 k - a +1 dagger of venom (weapon)
 n - a +0 spear
Missiles
 q - 9 boomerangs
 u - 11 poisoned darts (quivered)
Jewellery
 h - a ring of positive energy (left tentacle)
 w - a ring of poison resistance (right tentacle)
Talismans
 j - a beast talisman (active)
Wands
 f - a wand of digging (3)
Scrolls
 b - a scroll of fog
 c - 2 scrolls of revelation
 d - 4 scrolls of fear
 g - a scroll of amnesia {unknown}
 l - 2 scrolls of teleportation {unknown}
 o - a scroll of noise {unknown}
 p - 2 scrolls of vulnerability {unknown}
 r - a scroll of silence {unknown}
 s - a scroll of poison {unknown}
 t - a scroll of blinking {unknown}
 v - a scroll of enchant weapon {unknown}
 y - a scroll of identify
Potions
 e - 2 potions of haste
 i - a potion of enlightenment
 m - 4 potions of curing
 x - 2 potions of brilliance
 z - a potion of cancellation
 A - a potion of mutation {unknown}


   Skills:
 + Level 4.0 Fighting
 + Level 3.4 Short Blades
 + Level 3.2 Dodging
 + Level 7.7 Stealth


You had 4 spell levels left.
You didn't know any spells.
Your spell library contained the following spells:

 Spells                   Type           Power      Damage    Failure   Level
 Slow                     Hex            0%         N/A       28%         1
 Confusing Touch          Hex            0%         N/A       65%         3
 Sigil of Binding         Hex            0%         N/A       65%         3
 Summon Guardian Golem    Hex/Summ       0%         N/A       65%         3
 Vampiric Draining        Necr           0%         2d6       65%         3
 Orb of Destruction       Conj           0%         9d5       100%        7
 Spellforged Servitor     Conj/Summ      0%         N/A       100%        7


Dungeon Overview and Level Annotations

Branches:
Dungeon (6/15)
 Temple: D:4-7

Altars:
Nemelex Xobeh
Okawaru
Uskayaw


Innate Abilities, Weirdness & Mutations

You are a hulking beast.
Your limbs bulge with bestial killing power. (Slay +0)
You cannot wear most types of armour.
You are amphibious.
You can wear up to eight rings at the same time.
Your skin changes colour to match your surroundings (Stealth+).
Your rubbery body absorbs attacks. (AC +1, EV +1)
((You are camouflaged when in or above water. (Stealth+)))
You have tentacles for arms and can constrict up to eight enemies at once.


Message History

* * * LOW HITPOINT WARNING * * *
The jelly is almost dead.
You hit the jelly but do no damage.
Your tentacles burn!
* * * LOW HITPOINT WARNING * * *
The jelly is almost dead.
You kill the jelly!
Your Fighting skill increases to level 4!
You start resting.
A jackal comes into view.
You start resting.
HP restored.
What are your orders? t - Shout!
Orders for allies: a - Attack new target. r - Retreat! s - Stop attacking. g - Guard the area. f - Follow me.
Anything else - Cancel.
You shout for attention!
A sleepcap comes into view.
Found 18 gold pieces.
The sleepcap releases spores at you.
You hit the sleepcap but do no damage. You grab the sleepcap.
You constrict the sleepcap, but do no damage.
The sleepcap releases spores at you.
You hit the sleepcap. You squeeze the sleepcap.
The sleepcap is lightly damaged.
You constrict the sleepcap, but do no damage.
The sleepcap releases spores at you!
You hit the sleepcap. You squeeze the sleepcap.
The sleepcap is moderately damaged.
You constrict the sleepcap. The sleepcap barely misses you.
You hit the sleepcap but do no damage. You squeeze the sleepcap.
The sleepcap is heavily damaged.
You constrict the sleepcap. The sleepcap releases spores at you!
You are engulfed in a cloud of soporific spores!
You fall asleep.
You lose your grip on the sleepcap.
The sleepcap releases spores at you!!
Ouch! That really hurt!
You die...

...#....................
........................
........##..#...........
......####..............
##....# ##..?...........
##...# #...............
#.................$...
..##..................
..#...........h.......
............f......
...................
..................
.................
................
...............
...............


You could see a sleepcap.

Vanquished Creatures
  A scorpion (D:4)
  A jelly (D:5)
  A gnoll (D:1)
  2 adders
  A worm (D:2)
  2 dart slugs
  2 orcs
  10 ball pythons
  10 bats
  7 endoplasms
  5 giant cockroaches
  6 goblins
  10 hobgoblins
  5 quokkas
  3 frilled lizards
  7 kobolds
  3 rats
76 creatures vanquished.

Notes
Turn   | Place    | Note
-------+----------+-------------------------------------------
     0 | D:5      | croobank the Octopode Delver began the quest for the Orb.
     0 | D:5      | Reached XP level 1. HP: 16/16 MP: 1/1
    50 | D:5      | Found a hide-covered altar of Uskayaw.
   112 | D:5      | Noticed a wight
   280 | D:3      | Reached XP level 2. HP: 21/21 MP: 2/2
   651 | D:1      | Reached XP level 3. HP: 10/26 MP: 3/3
   856 | D:1      | Reached skill level 7 in Stealth
  1097 | D:2      | Reached XP level 4. HP: 28/31 MP: 4/4
  2068 | D:3      | Found a sparkling altar of Nemelex Xobeh.
  2744 | D:4      | Noticed a scorpion
  2752 | D:4      | Killed a scorpion
  2753 | D:4      | Reached XP level 5. HP: 33/37 MP: 5/5
  3166 | D:5      | Found an iron altar of Okawaru.
  3338 | D:5      | Slain by a sleepcap

Illustrated notes

Levels and vault maps discovered:
D:1:      reono_arrival_forest_river, layout_rooms
D:2:      layout_basic
D:3:      layout_loops_ring, nicolae_overflow_crystal_walls
D:4:      layout_layer_cave, eino_small_chamber_without_monster,
          minmay_misc_feat_encased
D:5:      layout_layer_cave, lemuel_coloured_pillars_altar, old_standard_altar,
          uniq_eustachio
D:6:      layout_basic, uniq_jeremiah, uniq_blork_the_orc

Skill      XL: |  1  2  3  4  5 |
---------------+----------------+-----
Stealth        | 7 |  7.7
Short Blades   | 3 |  3.4
Dodging        | 3 |  3.2
Fighting       | 4 |  4.0

Action                     |  1- 3 |  4- 6 || total
---------------------------+-------+-------++-------
  Melee: Short sword       |     7 |       ||     7
         Tentacles         |    15 |    19 ||    34
         Constrict         |    20 |    18 ||    38
         Punch             |     2 |     1 ||     3
         Dagger            |    62 |    65 ||   127
  Throw: Dart              |       |     1 ||     1
    Use: Scroll            |       |     4 ||     4
   Stab: Sleeping          |    12 |    12 ||    24
 Armour: Skin              |    28 |    22 ||    50
  Dodge: Dodged            |    44 |    26 ||    70
   Form: Beast             |       |     1 ||     1

Table legend: (Time is in decaauts)
 A = Elapsed time spent in this place.
 B = Non-inter-level travel time spent in this place.
 C = Inter-level travel time spent in this place.
 D = Time resting spent in this place.
 E = Time spent auto-exploring this place.
 F = Levels seen in this place.
 G = Mean time per level.
                   A        B        C        D        E       F      G
               +--------+--------+--------+--------+--------+-----+--------+
         Total |   3317 |   3194 |    123 |    224 |   2348 |   6 |  552.8 |
       Dungeon |   3317 |   3194 |    123 |    224 |   2348 |   6 |  552.8 |
               +--------+--------+--------+--------+--------+-----+--------+

Top non-repeatable levels by time:
     D:2: 914 daAuts
     D:4: 822 daAuts
     D:3: 723 daAuts
     D:1: 463 daAuts
     D:5: 392 daAuts
     D:6: 1 daAuts
